 Dungeon Crawl Stone Soup version 0.29.1-1-gd02db6906a (webtiles) character file.

Game seed: 11012654602530766138

162 H0rd4k the Insei (level 5, -8/33 HPs)
             Began as an Octopode Transmuter on Oct 18, 2022.
             Mangled by an ice beast (11 damage)
             ... on level 4 of the Dungeon.
             The game lasted 00:02:10 (3065 turns).

H0rd4k the Insei (Octopode Transmuter)              Turns: 3065, Time: 00:02:11

Health: -8/33      AC:  1    Str: 10    XL:     5   Next: 43%
Magic:  8/8        EV: 14    Int: 17    God:
Gold:   109        SH:  0    Dex: 18    Spells: 7/8 levels left

rFire   . . .      SeeInvis .     - Unarmed
rCold   . . .      Faith    .   (no shield)
rNeg    . . .      Spirit   .   (helmet restricted)
rPois   .          Reflect  .   j - amulet of the acrobat
rElec   .          Harm     .   h - ring of willpower
rCorr   .          Rampage  .   i - +6 ring of dexterity
Will    +....                   (no ring)
Stlth   +++.......              (no ring)
HPRegen 0.11/turn               (no ring)
MPRegen 0.11/turn               (no ring)
                                (no ring)
                                (no ring)

@: no status effects
A: almost no armour, amphibious, 8 rings, camouflage 1, gelatinous body 1,
(nimble swimmer 1), tentacles
a: no special abilities


You were on level 4 of the Dungeon.
You visited 1 branch of the dungeon, and saw 4 of its levels.

You collected 109 gold pieces.

Inventory:

Missiles
 b - 6 poisoned darts
Magical Staves
 l - a staff of poison
Jewellery
 h - a ring of willpower (left tentacle)
 i - a +6 ring of dexterity (right tentacle)
 j - an amulet of the acrobat (around mantle)
Wands
 m - a wand of mindburst (11)
 n - a wand of flame (17)
Scrolls
 c - 3 scrolls of identify {unknown}
 d - 2 scrolls of fear {unknown}
 g - 2 scrolls of teleportation {unknown}
Potions
 a - 2 potions of lignification
 e - 3 potions of attraction {unknown}
 f - 2 potions of invisibility {unknown}
 k - a potion of curing {unknown}


   Skills:
 + Level 1.3 Fighting
 + Level 2.7 Dodging
 + Level 1.8 Stealth
 + Level 4.8 Unarmed Combat
 + Level 2.3 Spellcasting
 + Level 2.5 Transmutations


You had 7 spell levels left.
You knew the following spells:

 Your Spells              Type           Power      Damage    Failure   Level
a - Beastly Appendage     Tmut           20%        N/A       7%          1

Your spell library contained the following spells:

 Spells                   Type           Power      Damage    Failure   Level
 Wereblood                Tmut           10%        N/A       10%         2
 Passwall                 Tmut/Erth      5%         N/A       17%         2
 Sandblast                Erth           2%         2d4       19%         1
 Spider Form              Tmut/Pois      6%         N/A       32%         3
 Stone Arrow              Conj/Erth      2%         3d7       50%         3
 Ice Form                 Ice/Tmut       6%         N/A       73%         4


Dungeon Overview and Level Annotations

Branches:
Dungeon (4/15)
 Temple: D:4-7

Altars:
Kikubaaqudgha

Annotations:
D:4 exclusion: upstairs


Innate Abilities, Weirdness & Mutations

You cannot wear most types of armour.
You are amphibious.
You can wear up to eight rings at the same time.
Your skin changes colour to match your surroundings (Stealth+).
Your rubbery body absorbs attacks. (AC +1, EV +1)
((You are camouflaged when in or above water. (Stealth+)))
You have tentacles for arms and can constrict up to eight enemies at once.


Message History

The ball python hisses angrily.
You hear an angry hiss.
Unknown command.
Aiming: Throw Flame
Press: ? - help, Shift-Dir - straight line, f/p - ice beast
Aim: an ice beast (lightly wounded, 68% to hit)
The puff of flame hits the ice beast!
The ice beast melts!
The ice beast is heavily wounded.
Unknown command.
The iguana hisses angrily.
You bludgeon the ball python!
You kill the ball python!
Aiming: Throw Flame
Press: ? - help, Shift-Dir - straight line, f/p - ice beast
Aim: an ice beast (heavily wounded, 68% to hit)
The puff of flame misses the ice beast.
The ice beast hits you. The ice beast freezes you!
Unknown command.
Aiming: Throw Flame
Press: ? - help, Shift-Dir - straight line, f/p - ice beast
Aim: an ice beast (heavily wounded, 68% to hit)
The puff of flame hits the ice beast.
The ice beast melts!
The ice beast is severely wounded.
The ice beast closely misses you.
Unknown command.
Aiming: Throw Flame
Press: ? - help, Shift-Dir - straight line, f/p - ice beast
Aim: an ice beast (severely wounded, 68% to hit)
The puff of flame hits the ice beast but does no damage.
The ice beast is severely wounded.
The ice beast hits you. The ice beast freezes you!
* * * LOW HITPOINT WARNING * * *
Aiming: Throw Flame
Press: ? - help, Shift-Dir - straight line, f/p - ice beast
Aim: an ice beast (severely wounded, 68% to hit)
The puff of flame hits the ice beast.
The ice beast is severely wounded.
The ice beast hits you.
* * * LOW HITPOINT WARNING * * *
The ice beast freezes you!
You die...

....##....#..... ..
#.........<........
..###..........†.......
...#..............#....
..........#..##........
..........#.##.........
.l$......##.##.........
$........#...#.........
#...lY@.........#..
#.####.##..#.#..##. #
#..######.... ....#
.... ....... #.
......... ...........
#......#....


You could see an ice beast and an iguana.

Vanquished Creatures
  A hound (D:4)
  An orc priest (D:3)
  A gnoll (D:1)
  3 adders
  A worm (D:3)
  2 dart slugs
  4 orcs (D:3)
  7 ball pythons
  6 endoplasms
  3 giant cockroaches (D:1)
  4 goblins
  5 hobgoblins
  4 kobolds
  2 quokkas (D:2)
  7 bats
  A frilled lizard (D:2)
  2 rats (D:2)
54 creatures vanquished.

Notes
Turn   | Place    | Note
-------+----------+-------------------------------------------
     0 | D:1      | H0rd4k the Octopode Transmuter began the quest for the Orb.
     0 | D:1      | Reached XP level 1. HP: 13/13 MP: 3/3
   289 | D:1      | Reached XP level 2. HP: 18/18 MP: 5/5
   936 | D:1      | Reached XP level 3. HP: 19/23 MP: 4/6
  1407 | D:2      | Reached skill level 4 in Unarmed Combat
  1657 | D:2      | Reached XP level 4. HP: 20/28 MP: 7/7
  1738 | D:2      | Found an ancient bone altar of Kikubaaqudgha.
  2776 | D:3      | Reached skill level 1 in Stealth
  2872 | D:3      | Reached XP level 5. HP: 33/33 MP: 6/8
  3053 | D:4      | Noticed an ice beast
  3065 | D:4      | Mangled by an ice beast

Illustrated notes

Levels and vault maps discovered:
D:1:      dpeg_arrival_lava_altar, layout_loops_corners, minmay_ruptured
D:2:      layout_basic, basic_altar, st_stairs_10
D:3:      layout_loops_ring, nicolae_ecumenical_snake_handling,
          ebering_dispersal_statue_hall, hex_tiny
D:4:      layout_cave_pools, minmay_quadrilaterals, uniq_edmund

Skill      XL: |  1  2  3  4 |
---------------+-------------+-----
Unarmed Combat | 4 |  4.8
Stealth        | 1 |  1.8
Fighting       | |  1.3
Dodging        | |  2.7
Spellcasting   | |  2.3
Transmutations | |  2.5

Action                   |  1- 3 |  4- 6 || total
-------------------------+-------+-------++-------
Melee: Unarmed           |    62 |    59 ||   121
       Constrict         |    17 |    17 ||    34
       Tentacles         |    20 |    15 ||    35
       Kick              |     2 |     9 ||    11
       Punch             |     2 |     1 ||     3
 Cast: Beastly Appendage |     2 |     6 ||     8
Evoke: Wand              |       |     6 ||     6
 Stab: Sleeping          |     2 |     4 ||     6
Armor: Skin              |     5 |     1 ||     6
Dodge: Dodged            |    43 |    36 ||    79
